 Dungeon Crawl Stone Soup version 0.27.1-2-g3b301248ec (webtiles) character file.

Game seed: 15939581263442349588

7728 Crownlay the Cleaver (level 11, -4/104 HPs)
             Began as a Hill Orc Fighter on Oct 3, 2021.
             Was an Elder of Okawaru.
             Slain by a purple ugly thing (16 damage)
             ... on level 8 of the Dungeon.
             The game lasted 00:17:03 (8750 turns).

Crownlay the Cleaver (Hill Orc Fighter)             Turns: 8750, Time: 00:17:03

Health: -4/104     AC: 13    Str: 23    XL:     11   Next: 19%
Magic:  17/19      EV: 12    Int:  8    God:    Okawaru [****..]
Gold:   482        SH:  0    Dex: 10    Spells: 10/10 levels left

rFire    . . .     SeeInvis .   a - +0 war axe
rCold    . . .     Faith    .   (no shield)
rNeg     . . .     Spirit   .   D - +1 ring mail of the Bard {Will++}
rPois    .         Reflect  .   l - +2 hat
rElec    .         Harm     .   r - +0 cloak
rCorr    .         Rampage  .   C - +0 pair of gloves
Will     ++...                  e - +0 pair of boots
Stlth    ++........             k - amulet of the acrobat
HPRegen  0.27/turn              G - +4 ring of slaying
MPRegen  0.16/turn              (no ring)

@: heroic
A: no striking features
a: Renounce Religion, Heroism


You were on level 8 of the Dungeon.
You worshipped Okawaru.
Okawaru was greatly pleased with you.
You visited 2 branches of the dungeon, and saw 10 of its levels.
You also visited: Ossuary.

You collected 527 gold pieces.
You spent 45 gold pieces at shops.

Inventory:

Hand Weapons
 a - a +0 war axe (weapon)
Missiles
 f - 7 silver boomerangs (quivered)
Armour
 c - a +0 kite shield
 e - a +0 pair of boots (worn)
 l - a +2 hat (worn)
 r - a +0 cloak (worn)
 C - a +0 pair of gloves (worn)
 D - the +1 ring mail of the Bard (worn) {Will++}
   (You found it on level 7 of the Dungeon)

   Will:      It greatly increases your willpower.
Jewellery
 k - an amulet of the acrobat (around neck)
 G - a +4 ring of slaying (left hand)
Wands
 t - a wand of flame (42)
 I - a wand of acid (9)
Scrolls
 g - 2 scrolls of magic mapping
 i - 5 scrolls of teleportation
 n - 3 scrolls of enchant armour
 o - 4 scrolls of noise
 q - 2 scrolls of amnesia
 v - 2 scrolls of vulnerability
 w - 2 scrolls of blinking
 y - 2 scrolls of fear
 F - a scroll of immolation {unknown}
 H - a scroll of identify
Potions
 b - a potion of heal wounds
 d - a potion of might
 h - 4 potions of curing
 j - 2 potions of mutation {unknown}
 m - a potion of cancellation {unknown}
 p - 3 potions of lignification
 s - 3 potions of attraction {unknown}
 u - a potion of flight {unknown}
 x - a potion of brilliance {unknown}
 z - 2 potions of haste {unknown}
 A - 2 potions of ambrosia {unknown}
 B - a potion of berserk rage {unknown}
 E - 2 potions of degeneration {unknown}


   Skills:
 + Level 12.0(17.0) Fighting
 - Level 14.0(19.0) Axes
 - Level 3.2(8.2) Armour
 - Level 3.2(8.2) Shields
 * Level 10.9 Invocations


You had 10 spell levels left.
You didn't know any spells.
Your spell library contained the following spells:

 Spells                   Type           Power      Damage    Failure   Level
 Freeze                   Ice            0%         1d3       54%         1
 Frozen Ramparts          Ice            0%         1d2       88%         3
 Hailstorm                Conj/Ice       0%         3d3       99%         4
 Ice Form                 Ice/Tmut       0%         N/A       99%         4
 Simulacrum               Ice/Necr       0%         N/A       100%        6


Dungeon Overview and Level Annotations

Branches:
Dungeon (9/15)             Temple (1/1) D:6         Ossuary (visited)
   Lair: D:8-11         Orc: D:9-12

Altars:
Cheibriados
Dithmenos
Elyvilon
Fedhas
Gozag
Hepliaklqana
Kikubaaqudgha
Nemelex Xobeh
Okawaru
Ru
Sif Muna
Trog
Wu Jian
Yredelemnul
Zin

Shops:
D:1 [   D:5 *?

Annotations:
D:5 2 transporters, MajorAdolf's ghost, amateur NaWn


Message History

The manticore bites you but does no damage.
The manticore claws you. The manticore claws you!
You slash the manticore! You punch the manticore.
The manticore is moderately wounded.
You slice the manticore!!
The manticore is severely wounded.
The manticore bites you!
* * * LOW HITPOINT WARNING * * *
The manticore claws you but does no damage. x2
You slice the manticore!!
You kill the manticore!
Okawaru accepts your kill.
Your base Fighting skill increases to level 12!
You slice the purple ugly thing!!
The purple ugly thing is moderately wounded.
The purple ugly thing gores you but does no damage.
You barely miss the purple ugly thing.
The purple ugly thing is moderately wounded.
The purple ugly thing barely misses you.
You hit the purple ugly thing but do no damage.
The purple ugly thing is moderately wounded.
You slice the purple ugly thing!!
Your punch misses the purple ugly thing.
The purple ugly thing is severely wounded.
The purple ugly thing misses you.
You hit the purple ugly thing.
The purple ugly thing is almost dead.
You carefully extract the barbed spikes from your body.
The purple ugly thing gores you!
* * * LOW HITPOINT WARNING * * *
You slash the purple ugly thing!
The purple ugly thing is almost dead.
You hit the purple ugly thing but do no damage.
The purple ugly thing is almost dead.
The purple ugly thing gores you.
* * * LOW HITPOINT WARNING * * *
You closely miss the purple ugly thing.
The purple ugly thing is almost dead.
The purple ugly thing gores you!
You die...

....#.###.#.#.#.#....### #...#
....##..........#......### #....
..#.#####.#.#.#.#........####....
..#.# # ##.#.#.##..........##....
..#.# ..####....#........####....
..#.# C#..####..#......###.......
.##.# .###..#####....###...##....
....# H#(###..###..###...########
....# ...Hy###.u@###........#
....# .#)###..####....<.....#####
....# u###..###..................
....# l#..###...#################
....# ..###...### ....#####....##
.............# ..############ ..#


You could see a purple ugly thing, a manticore and a vampire mosquito.

Vanquished Creatures
  2 centaur warriors
  Pikel (D:4)
  A manticore (D:8)
  A cyclops (D:8)
  Psyche (D:8)
  Maggie (D:7)
  A komodo dragon (D:8)
  Prince Ribbit (D:7)
  4 yaks (D:8)
  A wraith (D:7)
  A steam dragon (D:8)
  Menkaure (D:4)
  3 vampire mosquitoes (D:8)
  A water moccasin (D:7)
  An orc warrior (D:9)
  2 ice beasts
  2 sky beasts
  2 ogres (D:6)
  A necrophage (D:8)
  A centaur (D:8)
  A lemure (D:4)
  2 phantoms (D:5)
  2 kobold brigands (D:8)
  5 bullfrogs
  3 scorpions
  2 water moccasin skeletons
  5 killer bees (D:8)
  A wight (D:8)
  3 howler monkeys (D:8)
  3 centaur zombies (D:8)
  3 hounds
  2 jellies
  2 bullfrog skeletons
  Crazy Yiuf (D:3)
  2 centaur skeletons
  4 iguanas
  An orc wizard (D:9)
  2 killer bee zombies (D:8)
  4 mummies (Ossuary)
  2 howler monkey zombies
  2 adders
  A shadow imp (D:6)
  A white imp (D:6)
  An ufetubus (D:5)
  3 worms
  2 dart slugs
  13 orcs
  7 ball pythons
  2 bats
  8 endoplasms
  5 giant cockroaches
  6 goblins
  8 hobgoblins
  4 jackals (D:1)
  2 quokkas
  6 frilled lizards
  5 gnoll skeletons (Ossuary)
  6 gnoll zombies (Ossuary)
  7 goblin skeletons (Ossuary)
  6 goblin zombies (Ossuary)
  3 hobgoblin zombies (Ossuary)
  20 kobolds
  5 kobold skeletons (Ossuary)
  6 kobold zombies (Ossuary)
  3 orc skeletons (Ossuary)
  4 orc zombies (Ossuary)
  5 rats
  5 rat skeletons (Ossuary)
225 creatures vanquished.

Vanquished Creatures (others)
  2 plants (D:1)
2 creatures vanquished.

Grand Total: 227 creatures vanquished

Notes
Turn   | Place    | Note
-------+----------+-------------------------------------------
     0 | D:1      | Crownlay the Hill Orc Fighter began the quest for the Orb.
     0 | D:1      | Reached XP level 1. HP: 19/19 MP: 1/1
    71 | D:1      | Reached skill level 3 in Axes
   149 | D:1      | Reached XP level 2. HP: 19/26 MP: 2/2
   242 | D:1      | Found a faded altar of an unknown god.
   286 | D:1      | Found Funeaff's Armour Shoppe.
   409 | D:1      | Reached skill level 4 in Axes
   804 | D:2      | Reached XP level 3. HP: 30/31 MP: 3/3
   976 | D:2      | Reached skill level 5 in Axes
  1496 | D:2      | Reached XP level 4. HP: 34/39 MP: 4/4
  1726 | D:3      | Reached skill level 6 in Axes
  1852 | D:3      | Found a snail-covered altar of Cheibriados.
  2051 | D:3      | Found a runed translucent door.
  2052 | D:3      | Noticed Crazy Yiuf
  2167 | D:3      | Found an ancient bone altar of Kikubaaqudgha.
  2391 | D:3      | Killed Crazy Yiuf
  2392 | D:3      | Reached XP level 5. HP: 32/45 MP: 5/5
  2541 | D:4      | Noticed an ice beast
  2553 | D:4      | Killed an ice beast
  2554 | D:4      | Reached skill level 7 in Axes
  2568 | D:4      | Reached skill level 8 in Axes
  2639 | D:4      | Reached XP level 6. HP: 51/51 MP: 6/6
  3156 | D:4      | Noticed Pikel
  3176 | D:4      | Killed Pikel
  3177 | D:4      | Reached skill level 11 in Axes
  3177 | D:4      | Reached XP level 7. HP: 44/57 MP: 7/7
  3259 | D:4      | Noticed Menkaure
  3264 | D:4      | Killed Menkaure
  3265 | D:4      | Reached XP level 8. HP: 29/64 MP: 8/8
  3606 | D:5      | Entered Level 5 of the Dungeon
  3683 | D:5      | Found a transporter.
  3689 | D:5      | Found a transporter.
  3690 | D:5      | Noticed MajorAdolf's ghost (amateur NaWn)
  3726 | D:5      | Found a bloodstained altar of Trog.
  3798 | D:5      | Found Oplasoc's Magic Scroll Shoppe.
  3806 | D:5      | Bought a scroll of magic mapping for 45 gold pieces
  3848 | D:5      | Found a sand-covered staircase.
  3854 | Ossuary  | Entered an ossuary
  4118 | Ossuary  | Reached skill level 12 in Axes
  4504 | D:5      | Found Xaloseuk's General Store.
  4931 | D:5      | Reached skill level 13 in Axes
  5298 | D:6      | Found a basalt altar of Yredelemnul.
  5420 | D:6      | You fall into a shaft and drop 2 floors!
  5428 | D:8      | Reached skill level 14 in Axes
  5428 | D:8      | Reached XP level 9. HP: 71/71 MP: 9/9
  5463 | D:7      | Reached skill level 5 in Fighting
  5847 | D:7      | Identified the +1 ring mail of the Bard {Will++}
  5870 | D:6      | Found a staircase to the Ecumenical Temple.
  5874 | Temple   | Entered the Ecumenical Temple
  5915 | Temple   | Became a worshipper of Warmaster Okawaru
  6391 | D:7      | You fall into a shaft and drop 2 floors!
  6391 | D:9      | Found an opulent altar of Gozag.
  6399 | D:9      | Noticed a centaur warrior
  6410 | D:9      | Killed a centaur warrior
  6410 | D:9      | Reached * piety under Okawaru
  6411 | D:9      | Reached skill level 10 in Fighting
  6460 | D:9      | Reached skill level 1 in Invocations
  6472 | D:9      | Reached XP level 10. HP: 59/93 MP: 9/11
  6651 | D:8      | Reached ** piety under Okawaru
  6663 | D:8      | Noticed Psyche
  6685 | D:8      | Killed Psyche
  6686 | D:8      | Reached skill level 5 in Invocations
  7206 | D:7      | Noticed Maggie
  7209 | D:7      | Noticed Prince Ribbit
  7219 | D:7      | Killed Maggie
  7236 | D:7      | Killed Prince Ribbit
  7593 | D:8      | Found a sparkling altar of Nemelex Xobeh.
  7735 | D:8      | Found a hazy altar of Hepliaklqana.
  7736 | D:8      | Found a shadowy altar of Dithmenos.
  7814 | D:8      | Reached *** piety under Okawaru
  8252 | D:8      | Found a sacrificial altar of Ru.
  8714 | D:8      | Noticed a cyclops
  8714 | D:8      | Noticed a centaur warrior
  8714 | D:8      | Noticed a manticore
  8714 | D:8      | Noticed a manticore
  8714 | D:8      | Noticed a purple ugly thing
  8726 | D:8      | Killed a centaur warrior
  8726 | D:8      | Reached **** piety under Okawaru
  8727 | D:8      | Reached skill level 10 in Invocations
  8727 | D:8      | Reached XP level 11. HP: 86/104 MP: 14/18
  8736 | D:8      | Killed a cyclops
  8742 | D:8      | Killed a manticore
  8750 | D:8      | Slain by a purple ugly thing

Illustrated notes

Levels and vault maps discovered:
D:1:      shiori_shiawase, layout_basic, ebering_ecumenical_altar_hall,
          serial_shops, shop_coins, serial_bayou_pond_a
D:2:      layout_loops_corners
D:3:      layout_rooms, kiku_gazebo_pond_becter,
          mainiacjoe_overflow_concentric_impassable, uniq_crazy_yiuf_cottage
D:4:      layout_loops_ring, kennysheep_generic_room_6, uniq_pikel,
          uniq_menkaure
D:5:      layout_layer_cave, trog_hazing_becter, gammafunk_ghost_mausoleum,
          nicolae_ossuary_entry_plus, serial_shops, shop, shop, minivault_24,
          kennysheep_generic_room_10
D:6:      layout_rooms, yredelemnul_altar_generic, minmay_temple_entry_arrows
D:7:      layout_cave_pods, uniq_maggie, uniq_prince_ribbit1
D:8:      minmay_the_grid_triangle_9x9_rhombus_full
          [minmay_the_grid_triangle_9x9_pentomino_pain,
          minmay_the_grid_triangle_9x9_steps,
          minmay_the_grid_triangle_9x9_cache,
          minmay_the_grid_triangle_9x9_impossible_snake,
          minmay_the_grid_triangle_9x9_longest,
          minmay_the_grid_triangle_9x9_empty,
          minmay_the_grid_triangle_9x9_zippers_vertical,
          minmay_the_grid_triangle_9x9_prize_top_heavy], layout_rooms,
          riverfiend_overflow_shadow_ancestor,
          nemelex_xobeh_ov_fountains_minmay, nicolae_ru_sacrificial_ziggurat,
          minmay_increasing_density, uniq_psyche, uniq_joseph
D:9:      gammafunk_beogh_shrine, layout_loops_corners, grunt_gozag_statues
Temple:   jpeg_temple_alley_garden

Skill      XL: |  1  2  3  4  5  6  7  8  9 10 11 |
---------------+----------------------------------+-----
Axes           | 3 4 5 6 8 11 14 | 14.0
Fighting       | 10 11 12 | 12.0
Invocations    | 2 10 | 10.9
Armour         | |  3.2
Shields        | |  3.2

Action                   |  1- 3 |  4- 6 |  7- 9 | 10-12 || total
-------------------------+-------+-------+-------+-------++-------
Melee: War axe           |    92 |   112 |   308 |   202 ||   714
       Punch             |       |       |       |     2 ||     2
Throw: Boomerang         |       |     9 |       |       ||     9
Invok: Heroism           |       |       |       |     2 ||     2
  Use: Potion            |       |     1 |     2 |     3 ||     6
       Scroll            |       |       |    11 |       ||    11
Armor: Scale mail        |    43 |    13 |       |       ||    56
       Ring mail         |       |    24 |    99 |    75 ||   198
Dodge: Dodged            |    57 |    68 |   135 |   105 ||   365
